 Dungeon Crawl Stone Soup version 0.30-a0-586-g23e55c9e0a (webtiles) character file.

Game seed: 17393338956322036585

1 drugrobin the Sneak (level 1, -2/18 HPs)
             Began as a Demigod Delver on Jan 3, 2023.
             Slain by a lemure (8 damage)
             ... led by Pikel
             ... on level 4 of the Dungeon.
             The game lasted 00:00:38 (263 turns).

drugrobin the Sneak (Demigod Delver)                 Turns: 263, Time: 00:00:39

Health: -2/18      AC:  3    Str: 13    XL:     1   Next: 13%
Magic:  1/1        EV: 12    Int: 16    God:
Gold:   4          SH:  0    Dex: 18    Spells: 0/0 levels left

rFire   . . .      SeeInvis .    l - +7 hammer "Kyezaesk" {antimagic, Int+4 Dex+3}
rCold   . . .      Faith    .    (no shield)
rNeg    . . .      Spirit   .    a - +0 leather armour
rPois   .          Reflect  .    (no helmet)
rElec   .          Harm     .    (no cloak)
rCorr   .          Rampage  .    (no gloves)
Will    .....                    (no boots)
Stlth   +++                      (no amulet)
HPRegen 0.23/turn                (no ring)
MPRegen 0.07/turn                (no ring)

@: no status effects
A: high MP 1, forlorn, divine attributes
a: no special abilities


You were on level 4 of the Dungeon.
You visited 1 branch of the dungeon, and saw 2 of its levels.

You collected 4 gold pieces.

Inventory:

Hand Weapons
 l - the +7 hammer "Kyezaesk" (weapon) {antimagic, Int+4 Dex+3}
   (You found it on level 4 of the Dungeon)

   It reduces the magical energy of the wielder, and disrupts the spells and
   magical abilities of those it strikes.
   Natural abilities and divine invocations are not affected.
   Int:       It affects your intelligence (+4).
   Dex:       It affects your dexterity (+3).
Armour
 a - a +0 leather armour (worn)
Wands
 f - a wand of digging (3)
Scrolls
 b - a scroll of fog
 c - a scroll of magic mapping
 d - a scroll of fear
 g - a scroll of enchant armour {unknown}
 h - a scroll of teleportation {unknown}
 i - a scroll of identify {unknown}
Potions
 e - a potion of haste
 j - 2 potions of heal wounds {unknown}
 k - a potion of brilliance {unknown}


   Skills:
 - Level 2.6 Fighting
 - Level 1.7 Dodging
 - Level 4.5 Stealth
 + Level 1.9 Unarmed Combat


You couldn't memorise any spells.
You didn't know any spells.
Your spell library was empty.

Dungeon Overview and Level Annotations

Branches:
Dungeon (5/15)
 Temple: D:4-7

Annotations:
D:4 1 runed translucent door
D:5 exclusion: hound


Innate Abilities, Weirdness & Mutations

You have an increased reservoir of magic. (+10% MP)
You shall have no god before yourself.
Your divine heritage dramatically boosts your attributes as you level up.


Message History

Press: ? - help, v - describe, . - travel, g - get item Item here: a crude hammer.
The floor.
Found a runed translucent door.
You see here the +7 hammer "Kyezaesk" {antimagic, Int+4 Dex+3}.
Unknown command.
Unknown command.
l - the +7 hammer "Kyezaesk" {antimagic, Int+4 Dex+3} You feel clever.
You feel agile.
You feel magic leave you.
l - the +7 hammer "Kyezaesk" (weapon)
{antimagic, Int+4 Dex+3} Your movement speed is average.
Your attack delay is about 1.4.
Your damage rating with the +7 hammer "Kyezaesk" {antimagic, Int+4 Dex+3} is about 15 (Base 8 x 107% (Str) x 104% (Skill) + 7 (Ench)).
Your base attributes are Str 13, Int 12, Dex 15.
Unknown command.
Unknown command.
You hit the lemure.
The lemure is lightly wounded.
The lemure hits you.
Unknown command.
Unknown command.
You barely miss the lemure.
The lemure is lightly wounded.
The lemure hits you but does no damage. The lemure misses you.
Unknown command.
Unknown command.
You hit the lemure.
The lemure is moderately wounded.
The lemure hits you.
Unknown command.
Unknown command.
You hit the lemure but do no damage.
The lemure is moderately wounded.
The lemure hits you but does no damage.
Unknown command.
Unknown command.
You hit the lemure.
The lemure is moderately wounded.
The lemure hits you! x2
You die...

#.#
##.##+##..#.#
#).)).))))#.#
#..)....).#.#
#......)).#.#
#.....)).)#.#
#.))...))##.#
#))....).##.#
#)@5...).##5#
####..#####.#
#....####.#
##........#
##.).#####
#####


You could see a lemure.

Vanquished Creatures
  A hobgoblin (D:4)
1 creature vanquished.

Notes
Turn   | Place    | Note
-------+----------+-------------------------------------------
     0 | D:5      | drugrobin the Demigod Delver began the quest for the Orb.
     0 | D:5      | Reached XP level 1. HP: 18/18 MP: 3/3
   190 | D:5      | Noticed a hound
   221 | D:4      | Noticed a lemure
   224 | D:4      | Noticed a lemure
   255 | D:4      | Found a runed translucent door.
   256 | D:4      | Identified the +7 hammer "Kyezaesk" {antimagic, Int+4
                  | Dex+3}
   263 | D:4      | Slain by a lemure

Illustrated notes

Levels and vault maps discovered:
D:4:      layout_basic, nemelex_dance_club_becter,
          hangedman_decor_clover_reticule, uniq_crazy_yiuf_cottage,
          uniq_menkaure, uniq_ijyb, uniq_pikel
D:5:      layout_loops_corners

Action                   || total
-------------------------++-------
Melee: Mace              ||     5
       Unarmed           ||     3
Armor: Leather armour    ||     2
Dodge: Dodged            ||     3

Table legend: (Time is in decaauts)
 A = Elapsed time spent in this place.
 B = Non-inter-level travel time spent in this place.
 C = Inter-level travel time spent in this place.
 D = Time resting spent in this place.
 E = Time spent auto-exploring this place.
 F = Levels seen in this place.
 G = Mean time per level.
                   A        B        C        D        E       F      G
               +--------+--------+--------+--------+--------+-----+--------+
         Total |    263 |    263 |      0 |      0 |    199 |   2 |  131.5 |
       Dungeon |    263 |    263 |      0 |      0 |    199 |   2 |  131.5 |
               +--------+--------+--------+--------+--------+-----+--------+

Top non-repeatable levels by time:
     D:5: 219 daAuts
     D:4: 44 daAuts
